 Dungeon Crawl Stone Soup version 0.28.0-53-g5a82cb258f (webtiles) character file.

Game seed: 10915156855713276876

125386 Peloso the Fencer (level 16, -1/157 HPs)
             Began as a Minotaur Fighter on May 26, 2022.
             Was the Champion of Okawaru.
             Killed by the raging water
             ... invoked by a water nymph
              (10 damage)
             ... on level 1 of the Shoals.
             The game lasted 01:14:58 (29883 turns).

Peloso the Fencer (Minotaur Fighter)               Turns: 29883, Time: 01:14:59

Health: -1/157     AC: 23    Str: 30    XL:     16   Next: 41%
Magic:  5/5        EV: 14    Int:  5    God:    Okawaru [******]
Gold:   1673       SH: 23    Dex: 24    Spells: 15/15 levels left

rFire   + + +      SeeInvis .   X - +5 long sword "Worm" {antimagic, Fly Will+}
rCold   + + +      Faith    .   e - +2 shield of Resistance {rF++ rC++ Will++}
rNeg    . . .      Spirit   .   n - +2 chain mail {rC+}
rPois   .          Reflect  +   w - +1 hat
rElec   .          Harm     .   (no cloak)
rCorr   +          Rampage  .   y - +2 pair of gloves of the Kraken {rF+ Slay+3}
Will    ++++.                   C - +1 pair of boots of Precision Catastrophes {rCorr}
Stlth   ..........              L - amulet "Byoneras" {Reflect rC+ Dex+3 SH+5}
HPRegen 0.36/turn               f - +4 ring of slaying
MPRegen 0.09/turn               F - ring of Gewk {rF+ Str+6 Dex+6 Stlth-}

@: about to teleport, flying, studying Slings
A: horns 2, retaliatory headbutt
a: Renounce Religion, Heroism, Finesse, Duel


You were on level 1 of the Shoals.
You worshipped Okawaru.
Okawaru was exalted by your worship.
You visited 5 branches of the dungeon, and saw 25 of its levels.
You also visited: Sewer, Bailey and Ice Cave.

You collected 2725 gold pieces.
You spent 1052 gold pieces at shops.

Inventory:

Hand Weapons
 a - the +10 demon blade "Mefoj" {venom, rPois MP+9}
   (You acquired it in a bailey)

   It poisons the flesh of those it strikes.
   rPois:     It protects you from poison.
   MP:        It affects your magic capacity (+9).
 b - the +7 scimitar of Bodily Humours {flame, rPois rC- rCorr}
   (Okawaru gifted it to you on level 11 of the Dungeon)

   It burns those it strikes, dealing additional fire damage.
   Big, fiery blades are also staple armaments of hydra-hunters.
   rC:        It makes you vulnerable to cold.
   rPois:     It protects you from poison.
   rCorr:     It protects you from acid and corrosion.
 c - a +3 double sword of holy wrath
 X - the +5 long sword "Worm" (weapon) {antimagic, Fly Will+}
   (Okawaru gifted it to you on level 6 of the Lair of Beasts)

   It reduces the magical energy of the wielder, and disrupts the spells and
   magical abilities of those it strikes.
   Natural abilities and divine invocations are not affected.
   Fly:       It grants you flight.
   Will:      It increases your willpower.
Armour
 e - the +2 shield of Resistance (worn) {rF++ rC++ Will++}
   (You bought it in a shop on level 8 of the Dungeon)

   rF:        It greatly protects you from fire.
   rC:        It greatly protects you from cold.
   Will:      It greatly increases your willpower.
 n - a +2 chain mail of cold resistance (worn)
 w - a +1 hat (worn)
 y - the +2 pair of gloves of the Kraken (worn) {rF+ Slay+3}
   (You found it in an ice cave)

   Slay:      It affects your accuracy & damage with ranged weapons and melee
   (+3).
   rF:        It protects you from fire.
 C - the +1 pair of boots of Precision Catastrophes (worn) {rCorr}
   (You found it on level 5 of the Dungeon)

   rCorr:     It protects you from acid and corrosion.
Jewellery
 f - a +4 ring of slaying (left hand)
 k - a ring of ice
 t - the necklace of Bloodlust {*Rage Will++ Int-3 Slay+6}
   (You took it off an efreet on level 8 of the Dungeon)

   [amulet of nothing]

   It extends the wearer's berserk rage when killing foes.
   Int:       It affects your intelligence (-3).
   Slay:      It affects your accuracy & damage with ranged weapons and melee
   (+6).
   *Rage:     It berserks you when you make melee attacks (+50% chance).
   Will:      It greatly increases your willpower.
 u - an amulet of regeneration
 F - the ring of Gewk (right hand) {rF+ Str+6 Dex+6 Stlth-}
   (You found it in an ice cave)

   [ring of protection from fire]

   Str:       It affects your strength (+6).
   Dex:       It affects your dexterity (+6).
   rF:        It protects you from fire.
   Stlth:     It makes you less stealthy.
 L - the amulet "Byoneras" (around neck) {Reflect rC+ Dex+3 SH+5}
   (You acquired it in a bailey)

   [amulet of reflection]

   It reflects blocked missile attacks.
   Dex:       It affects your dexterity (+3).
   rC:        It protects you from cold.
   SH:        It affects your SH (+5).
 Y - the ring of Xiyrosy {rF++ AC+4 Int+2 Dex+4}
   (You found it on level 6 of the Lair of Beasts)

   [ring of protection]

   AC:        It affects your AC (+4).
   Int:       It affects your intelligence (+2).
   Dex:       It affects your dexterity (+4).
   rF:        It greatly protects you from fire.
Wands
 j - a wand of flame (2)
 o - a wand of iceblast (3)
 D - a wand of digging (4)
Scrolls
 g - 16 scrolls of teleportation
 h - 3 scrolls of magic mapping
 l - a scroll of enchant weapon
 p - 8 scrolls of fear
 q - 2 scrolls of identify
 v - 3 scrolls of acquirement
 I - 2 scrolls of blinking
 K - 5 scrolls of noise
 Q - 5 scrolls of immolation
 W - 2 scrolls of summoning {unknown}
Potions
 d - 8 potions of might
 i - a potion of berserk rage {unknown}
 m - 12 potions of curing
 s - 4 potions of haste
 x - 3 potions of mutation
 B - 7 potions of flight
 S - 3 potions of resistance
 T - 3 potions of heal wounds
Miscellaneous
 r - a tin of tremorstones (2/2)


   Skills:
 + Level 17.8 Fighting
 + Level 18.8 Long Blades
 + Level 16.1 Armour
 + Level 7.9 Dodging
 + Level 2.4 Stealth
 + Level 17.1 Shields
 + Level 2.7 Invocations
 + Level 0.8 Evocations


You had 15 spell levels left.
You didn't know any spells.
Your spell library contained the following spells:

 Spells                   Type           Power      Damage    Failure   Level
 Shock                    Conj/Air       0%         1d3       95%         1
 Blink                    Tloc           0%         N/A       99%         2
 Corpse Rot               Necr/Air       0%         N/A       99%         2
 Poisonous Vapours        Pois/Air       0%         N/A       99%         2
 Sublimation of Blood     Necr           0%         N/A       99%         2
 Wereblood                Tmut           0%         N/A       99%         2
 Gell's Gravitas          Tloc           0%         N/A       100%        3
 Ignite Poison            Fire/Tmut/Pois 0%         N/A       100%        3
 Lesser Beckoning         Tloc           0%         N/A       100%        3
 Mephitic Cloud           Conj/Pois/Air  0%         N/A       100%        3
 Portal Projectile        Hex/Tloc       0%         N/A       100%        3
 Swiftness                Air            0%         N/A       100%        3
 Teleport Other           Tloc           0%         N/A       100%        3
 Airstrike                Air            0%         N/A       100%        4
 Dispel Undead            Necr           0%         3d6       100%        4
 Passage of Golubria      Tloc           0%         N/A       100%        4
 Petrify                  Tmut/Erth      0%         N/A       100%        4
 Blade Hands              Tmut           0%         N/A       100%        5
 Borgnjor's Vile Clutch   Necr/Erth      0%         N/A       100%        5
 Excruciating Wounds      Necr           0%         N/A       100%        5
 Freezing Cloud           Conj/Ice/Air   0%         6-21      100%        5
 Lee's Rapid Deconstruct  Erth           0%         3d5*      100%        5
 Lightning Bolt           Conj/Air       0%         1d11      100%        5
 Manifold Assault         Tloc           0%         N/A       100%        5
 Metabolic Englaciation   Hex/Ice        0%         N/A       100%        5
 Yara's Violent Unravell  Hex/Tmut       0%         3d3       100%        5
 Statue Form              Tmut/Erth      0%         N/A       100%        6
 Tukima's Dance           Hex            Unusable   N/A       N/A         3
 Death Channel            Necr           Unusable   N/A       N/A         6
 Monstrous Menagerie      Summ           Unusable   N/A       N/A         7
 Summon Hydra             Summ           Unusable   N/A       N/A         7

Dungeon Overview and Level Annotations

Branches:
Dungeon (15/15)            Temple (1/1) D:7            Lair (6/6) D:10
 Shoals (1/4) Lair:2        Snake (0/4) Lair:4        Slime (0/5) Lair:6
    Orc (2/2) D:11            Elf (0/3) Orc:2        Vaults (0/5) D:13
 Depths (0/4) D:15          Sewer (visited)          Bailey (visited)
  IceCv (visited)

Altars:
Dithmenos
Gozag
Kikubaaqudgha
Nemelex Xobeh
Okawaru
Trog
Xom
Yredelemnul
Zin
Beogh
Jiyva
Lugonu

Shops:
D:2 !   D:8 [   Orc:2 !*(*

Portals:
Abyss: Lair:6
Trove: D:10 (give +4 ice dragon scales)

Annotations:
D:6 Casa
Lair:5 3 runed translucent doors, kalagan's ghost, journeyman DECj


Innate Abilities, Weirdness & Mutations

You have a pair of horns on your head.
You reflexively headbutt those who attack you in melee.


Message History

Unknown command.
You slash the manticore!
You kill the manticore!
Okawaru accepts your kill.
Unknown command.
The water nymph casts a spell at you. The water rises up and strikes you.
The water nymph casts a spell at you. The water rises up and strikes you.
You see here a manticore corpse.
Unknown command.
The water nymph gestures at you while chanting.
The water rises up and strikes you!!
* * * LOW HITPOINT WARNING * * *
You block the water nymph's attack.
You slice the water nymph!!
The water nymph's magic leaks into the air.
You headbutt the water nymph!
The water nymph is almost dead.
The water nymph points at you and mumbles some strange words.
The water rises up and strikes you!
* * * LOW HITPOINT WARNING * * *
The water nymph casts a spell at you. The water rises up and strikes you!!
* * * LOW HITPOINT WARNING * * *
You block the water nymph's attack.
Blink to where?
Press: ? - help, Dir - move target
As you read the scroll of blinking, it crumbles to dust.
Blink to where?
Press: ? - help, Dir - move target
As you read the scroll of blinking, it crumbles to dust.
You start resting.
A water nymph is nearby!
A merfolk comes into view. It is wielding a +0 trident.
As you read the scroll of teleportation, it crumbles to dust.
You feel strangely unstable. The water nymph casts a spell at you.
The water rises up and strikes you!
You die...

≈≈≈≈≈≈≈≈≈≈≈≈≈≈......
≈≈≈≈≈≈≈≈≈mm≈≈....#
≈≈≈≈≈≈≈≈≈≈≈≈...#
≈....≈≈≈≈≈≈≈..#
.≈≈≈≈≈≈..#
.≈≈≈≈≈≈..### ≈
.≈≈≈≈≈≈≈...#####..≈
.≈≈≈≈≈≈≈≈.........≈
≈≈≈≈≈≈≈≈≈≈≈@≈≈≈≈≈≈≈
≈≈≈≈≈≈≈≈≈≈≈≈≈≈≈≈≈≈≈
≈≈≈≈≈≈≈≈≈≈≈≈≈≈≈≈≈≈≈
.≈≈≈≈≈≈≈≈≈≈≈≈≈≈≈≈≈
..≈≈≈≈≈≈≈≈≈≈≈≈≈≈≈≈
≈≈≈≈≈≈≈≈m.≈≈≈...≈
≈≈..≈≈≈≈≈.......
...≈≈≈≈..####..


You could see a merfolk and 2 water nymphs.

Vanquished Creatures
  Rupert (Lair:5)
  A fire giant (D:15)
  An orc warlord (Bailey)
  Nessos (D:14)
  Snorg (D:14)
  4 fire dragons
  2 merfolk impalers (Shoals:1)
  A yaktaur captain (D:11)
  Fannar (D:12)
  3 boulder beetles
  6 vault guards
  An ice dragon (Shoals:1)
  A catoblepas (D:15)
  A rakshasa (D:11)
  15 hydras
  An ogre mage (D:11)
  The ghost of hitsuchi the Slicer, a journeyman DsFE of Dithmenos (Lair:3)
  A merfolk avatar (Shoals:1)
  The ghost of Peloso the Carver, a novice MiFi of Okawaru (D:10)
  4 two-headed ogres
  Erica (Orc:1)
  11 centaur warriors
  11 death yaks
  A death knight (D:8)
  4 thrashing horrors (Lair:6)
  4 tengu warriors
  3 orc high priests (Orc:2)
  A skeletal warrior (D:11)
  A spectral catoblepas (Lair:3)
  A sea snake (Shoals:1)
  A harpy (shapeshifter) (D:15)
  4 lindwurms (Lair:3)
  A deep elf pyromancer (D:8)
  A wizard (D:11)
  5 orc knights
  A wolf spider (Lair:6)
  5 orc sorcerers
  20 ugly things
  10 cyclopes
  5 elephants
  A moth of wrath (D:10)
  7 manticores
  2 ice statues (IceCv)
  A smoke demon (Lair:6)
  4 gargoyles
  A water nymph (shapeshifter) (D:11)
  A black mamba (Lair:3)
  A torpor snail (Lair:2)
  7 cane toads
  3 rime drakes
  3 efreet
  3 unseen horrors
  12 komodo dragons
  Maggie (D:6)
  3 freezing wraiths
  A tengu conjurer (D:14)
  A troll (shapeshifter) (D:8)
  A merfolk (shapeshifter) (D:11)
  6 trolls
  3 polar bears
  3 merfolk
  An ancient zyme (Lair:6)
  A hornet (D:10)
  15 blink frogs
  18 dream sheep
  9 slime creatures
  A raiju (shapeshifter) (D:12)
  A water elemental (D:12)
  A centaur simulacrum (D:11)
  2 wyverns
  39 yaks
  4 wraiths
  2 vampires
  A spriggan (Lair:6)
  6 humans (D:13)
  12 basilisks
  4 chaos spawn (Lair:6)
  Grum (D:8)
  8 vampire mosquitoes
  2 death yak simulacra
  A steam dragon (D:8)
  A warg (Orc:1)
  A large abomination (Lair:6)
  2 acid dragons
  4 nagas (Lair:4)
  8 water moccasins
  Duvessa (D:4)
  An acid dragon (shapeshifter) (D:8)
  3 hydra simulacra (Lair:3)
  23 orc warriors
  A sky beast (D:5)
  A boulder beetle simulacrum (Lair:3)
  An ice beast (D:6)
  A black bear (shapeshifter) (Lair:6)
  12 ogres
  16 wolves
  A boggart (D:11)
  13 centaurs
  A phantom (D:4)
  19 bullfrogs
  4 kobold brigands
  4 gnoll sergeants (D:8)
  4 scorpions
  A cane toad simulacrum (IceCv)
  Dowan (D:4)
  An elephant simulacrum (IceCv)
  11 killer bees
  3 wights
  An electric eel (D:12)
  4 howler monkeys
  A lava snake (D:10)
  4 centaur zombies
  16 orc priests
  11 hounds
  2 jellies
  2 centaur skeletons
  4 gnoll shamans (D:8)
  2 iguanas
  28 orc wizards
  6 hell rats (Lair:3)
  A polar bear simulacrum (IceCv)
  9 small abominations (Lair:6)
  A hound skeleton (D:4)
  2 howler monkey zombies
  12 gnolls
  15 adders
  2 white imps (D:7)
  An adder skeleton (D:4)
  3 worms
  4 dart slugs
  79 orcs
  12 ball pythons
  6 endoplasms
  2 giant cockroaches (D:3)
  13 goblins
  8 hobgoblins
  5 jackals
  32 kobolds
  6 quokkas
  7 bats
  11 frilled lizards
  4 rats
  A bush (Shoals:1)
789 creatures vanquished.

Vanquished Creatures (others)
  A human (D:13)
  10 fungi
  19 plants
30 creatures vanquished.

Grand Total: 819 creatures vanquished

Notes
Turn   | Place    | Note
-------+----------+-------------------------------------------
     0 | D:1      | Peloso the Minotaur Fighter began the quest for the Orb.
     0 | D:1      | Reached XP level 1. HP: 19/19 MP: 0/0
   383 | D:1      | Reached XP level 2. HP: 27/27 MP: 1/1
   689 | D:1      | Reached XP level 3. HP: 30/33 MP: 2/2
  1016 | D:2      | Found Puklaeff's Distillery.
  1087 | D:2      | Found a shadowy altar of Dithmenos.
  1201 | D:2      | Found a faded altar of an unknown god.
  1367 | D:2      | Reached skill level 3 in Long Blades
  1367 | D:2      | Reached XP level 4. HP: 41/41 MP: 3/3
  1829 | D:3      | Found a glowing drain.
  1851 | D:3      | Reached skill level 1 in Dodging
  1853 | D:3      | Reached XP level 5. HP: 37/47 MP: 4/4
  1860 | Sewer    | Entered a sewer
  1869 | Sewer    | Reached skill level 4 in Long Blades
  2518 | D:3      | Reached skill level 5 in Fighting
  2658 | D:4      | Noticed Duvessa
  2658 | D:4      | Noticed Dowan
  2751 | D:4      | Reached skill level 5 in Long Blades
  2751 | D:4      | Reached XP level 6. HP: 49/56 MP: 5/5
  2768 | D:4      | Reached skill level 5 in Armour
  2960 | D:4      | Reached skill level 5 in Shields
  3098 | D:4      | Reached XP level 7. HP: 61/61 MP: 6/6
  3099 | D:4      | Found an opulent altar of Gozag.
  3213 | D:4      | Killed Duvessa
  3217 | D:4      | Killed Dowan
  3218 | D:4      | Reached skill level 6 in Long Blades
  3582 | D:5      | Entered Level 5 of the Dungeon
  3735 | D:5      | Found an opulent altar of Gozag.
  3742 | D:5      | Identified the +1 pair of boots of Precision Catastrophes
                  | {rCorr}
  3752 | D:5      | Reached skill level 7 in Long Blades
  3782 | D:5      | Reached XP level 8. HP: 70/70 MP: 7/7
  4064 | D:5      | Found a bloodstained altar of Trog.
  4311 | D:6      | Reached skill level 8 in Long Blades
  4597 | D:6      | Identified the +7 mace of Indomitability {freeze, Fly Will+
                  | Str-5}
  4740 | D:6      | Noticed a gargoyle
  4748 | D:6      | Killed a gargoyle
  4749 | D:6      | Reached skill level 9 in Long Blades
  4749 | D:6      | Reached XP level 9. HP: 78/78 MP: 8/8
  4754 | D:6      | Noticed Maggie
  4871 | D:7      | Found a staircase to the Ecumenical Temple.
  4878 | Temple   | Entered the Ecumenical Temple
  4918 | Temple   | Became a worshipper of Warmaster Okawaru
  5237 | D:7      | Reached skill level 10 in Long Blades
  5437 | D:8      | Reached * piety under Okawaru
  5440 | D:8      | Identified the +6 battleaxe of Gin and Tonic {flame, rElec
                  | Int+3}
  5809 | D:8      | Noticed a centaur warrior
  5809 | D:8      | Noticed a gargoyle
  5824 | D:8      | Noticed a death knight
  5824 | D:8      | Noticed a five-headed hydra
  5824 | D:8      | Noticed a centaur warrior
  5825 | D:8      | Noticed a cyclops
  5825 | D:8      | Noticed a centaur warrior
  5825 | D:8      | Noticed a cyclops
  5826 | D:8      | Noticed a red ugly thing
  5912 | D:8      | Reached skill level 11 in Long Blades
  6005 | D:8      | Reached ** piety under Okawaru
  6020 | D:8      | Reached XP level 10. HP: 83/89 MP: 9/9
  6055 | D:8      | Noticed a two-headed ogre
  6061 | D:8      | Killed a two-headed ogre
  6209 | D:8      | Noticed a centaur warrior
  6227 | D:8      | Killed a centaur warrior
  6227 | D:8      | Reached *** piety under Okawaru
  6228 | D:8      | Reached skill level 12 in Long Blades
  6228 | D:8      | Reached skill level 10 in Armour
  6331 | D:8      | Noticed a centaur warrior
  6343 | D:8      | Killed a centaur warrior
  6365 | D:8      | Reached **** piety under Okawaru
  6397 | D:8      | Reached skill level 13 in Long Blades
  6409 | D:8      | Noticed a brown ugly thing
  6417 | D:8      | Killed a brown ugly thing
  6418 | D:8      | Reached skill level 1 in Invocations
  6419 | D:8      | Noticed a centaur warrior
  6437 | D:8      | Killed a centaur warrior
  6438 | D:8      | Reached XP level 11. HP: 66/97 MP: 8/10
  6501 | D:8      | Noticed a boulder beetle
  6535 | D:8      | Killed a boulder beetle
  6569 | D:8      | Got the Handbook of Cloudy Creation
  6583 | D:8      | Noticed an eight-headed hydra
  6587 | D:8      | Killed a six-headed hydra
  6587 | D:8      | Reached ***** piety under Okawaru
  6588 | D:8      | Reached skill level 10 in Fighting
  6588 | D:8      | Reached skill level 14 in Long Blades
  6589 | D:8      | Noticed a deep elf pyromancer
  6600 | D:8      | Killed a deep elf pyromancer
  6601 | D:8      | Identified the +5 trident of Extinguishment {holy, rC+
                  | Will+ Int+4}
  6666 | D:8      | Got Sif Muna's Almanac of Feathers and Stones
  6787 | D:8      | Noticed Grum
  6790 | D:8      | Killed Grum
  6906 | D:8      | Found Qelit's Armour Emporium.
  6988 | D:9      | Found a flagged portal.
  7001 | Bailey   | Entered a bailey
  7018 | Bailey   | Noticed an orc warlord
  7113 | Bailey   | Found a runed translucent gate.
  7113 | Bailey   | Found a runed translucent gate.
  7113 | Bailey   | Found a runed translucent gate.
  7115 | Bailey   | Acquired the +0 hat of Satisfaction {rC- rN+ Will+ Dex+3}
  7136 | Bailey   | Acquired the amulet "Byoneras" {Reflect rC+ Dex+3 SH+5}
  7286 | Bailey   | Killed an orc warlord
  7482 | Bailey   | Acquired the +10 demon blade "Mefoj" {venom, rPois MP+9}
  8230 | D:10     | Entered Level 10 of the Dungeon
  8258 | D:10     | Found a transporter.
  8269 | D:10     | Found a transporter.
  8272 | D:10     | Noticed a two-headed ogre
  8279 | D:10     | Noticed Peloso's ghost (novice MiFi)
  8289 | D:10     | Noticed a tengu warrior
  8293 | D:10     | Found a bloodstained altar of Trog.
  8307 | D:10     | Found a glowing silver altar of Zin.
  8362 | D:10     | Noticed a death yak
  8365 | D:10     | Noticed a death yak
  8370 | D:10     | Killed a death yak
  8377 | D:10     | Killed a death yak
  8377 | D:10     | Identified the +10 great sword "Orb Guardian's Bane"
                  | {venom, rPois rC+ rCorr Dex+4 SInv} (Okawaru gifted it to
                  | you on level 10 of the Dungeon)
  8377 | D:10     | Received a gift from Okawaru
  8495 | D:10     | Found a staircase to the Lair.
  8498 | D:10     | Noticed a death yak
  8498 | D:10     | Noticed a death yak
  8498 | D:10     | Noticed a death yak
  8506 | D:10     | Noticed a death yak
  8507 | D:10     | Noticed a death yak
  8512 | D:10     | Killed a death yak
  8519 | D:10     | Killed a death yak
  8520 | D:10     | Reached XP level 12. HP: 104/110 MP: 12/12
  8523 | D:10     | Killed a death yak
  8524 | D:10     | Reached skill level 1 in Stealth
  8529 | D:10     | Killed a death yak
  8535 | D:10     | Killed a death yak
  8535 | D:10     | Received a gift from Okawaru
  8536 | D:10     | Reached skill level 15 in Long Blades
  8690 | D:10     | Found a large runed translucent door.
  8698 | D:10     | Found a large runed translucent door.
  8699 | D:10     | Found a large runed translucent door.
  8701 | D:10     | Found a large runed translucent door.
  8738 | D:10     | Reached ****** piety under Okawaru
  8968 | D:10     | Noticed a vault guard
  8973 | D:10     | Killed a vault guard
  8978 | D:10     | Found a portal to a secret trove of treasure.
  9575 | Lair:1   | Entered Level 1 of the Lair of Beasts
  9789 | Lair:1   | Identified the +4 scale mail of Anaesthesia {Str+5 Stlth+}
 10162 | Lair:1   | Noticed an eight-headed hydra
 10169 | Lair:1   | Killed a 12-headed hydra
 10223 | Lair:1   | Noticed a four-headed hydra
 10231 | Lair:1   | Killed a one-headed hydra
 10545 | Lair:2   | Noticed a boulder beetle
 10551 | Lair:2   | Killed a boulder beetle
 10552 | Lair:2   | Reached skill level 10 in Shields
 11205 | Lair:2   | Reached XP level 13. HP: 116/119 MP: 13/13
 11523 | Lair:2   | Found a staircase to the Shoals.
 11829 | D:11     | Identified the +7 scimitar of Bodily Humours {flame, rPois
                  | rC- rCorr} (Okawaru gifted it to you on level 11 of the
                  | Dungeon)
 11829 | D:11     | Received a gift from Okawaru
 12069 | D:11     | Reached skill level 16 in Long Blades
 12069 | D:11     | Reached skill level 5 in Dodging
 12401 | D:11     | Noticed a fire dragon
 12406 | D:11     | Killed a fire dragon
 12539 | D:11     | Received a gift from Okawaru
 12610 | D:11     | Noticed a fire dragon
 12621 | D:11     | Killed a fire dragon
 12927 | D:11     | Found a staircase to the Orcish Mines.
 13768 | D:12     | Noticed Fannar
 13783 | D:12     | Killed Fannar
 13783 | D:12     | Received a gift from Okawaru
 14680 | Lair:3   | Reached XP level 14. HP: 46/133 MP: 14/14
 15079 | Lair:3   | Found a runed translucent gate.
 15079 | Lair:3   | Found a runed translucent gate.
 15079 | Lair:3   | Found a runed translucent gate.
 15079 | Lair:3   | Noticed hitsuchi's ghost (journeyman DsFE)
 15183 | Lair:3   | Identified the +4 pair of gloves of Parts Unknown {Dex+3}
 15678 | Lair:4   | Received a gift from Okawaru
 16011 | Lair:4   | Reached skill level 15 in Fighting
 16026 | Lair:4   | Received a gift from Okawaru
 16165 | Lair:4   | Found a staircase to the Snake Pit.
 16907 | Orc:1    | Entered Level 1 of the Orcish Mines
 16913 | Orc:1    | Noticed Erica
 16930 | Orc:1    | Killed Erica
 16931 | Orc:1    | Reached skill level 17 in Long Blades
 16932 | Orc:1    | Found a frozen archway.
 16941 | Orc:1    | Paralysed by an orc sorcerer for 4 turns
 16966 | IceCv    | Entered an ice cave
 16987 | IceCv    | Found a transporter.
 16993 | IceCv    | Identified the +2 pair of gloves of the Kraken {rF+ Slay+3}
 17008 | IceCv    | Found a transporter.
 17340 | IceCv    | Identified the ring of Gewk {rF+ Str+6 Dex+6 Stlth-}
 17389 | Orc:2    | Entered Level 2 of the Orcish Mines
 17389 | Orc:2    | Found a staircase to the Elven Halls.
 18346 | D:6      | Killed Maggie
 19729 | D:8      | Bought the +2 shield of Resistance {rF++ rC++ Will++} for
                  | 908 gold pieces
 19729 | D:8      | Found the +2 shield of Resistance {rF++ rC++ Will++}
 20291 | Orc:2    | Reached skill level 15 in Armour
 20360 | Orc:2    | Found Inluang's Assorted Antiques.
 20404 | Orc:2    | Received a gift from Okawaru
 20679 | Orc:2    | Found Pevvipao's Weapon Shoppe.
 20686 | Orc:2    | Found Cavanenupp's Assorted Antiques.
 20688 | Orc:2    | Found Nihakkit's Distillery.
 20697 | Orc:2    | Bought a potion of heal wounds for 80 gold pieces
 20697 | Orc:2    | Bought a potion of might for 64 gold pieces
 21700 | D:13     | Received a gift from Okawaru
 22084 | D:13     | Found a gate to the Vaults.
 22777 | Lair:3   | Reached XP level 15. HP: 131/144 MP: 15/15
 23186 | Lair:3   | Killed hitsuchi's ghost
 23494 | Lair:5   | Noticed Rupert
 23503 | Lair:5   | Killed Rupert
 23850 | Lair:5   | Found a runed translucent gate.
 23851 | Lair:5   | Found a runed translucent gate.
 23853 | Lair:5   | Found a runed translucent gate.
 23857 | Lair:5   | Noticed kalagan's ghost (journeyman DECj)
 23902 | Lair:5   | Identified the +3 chain mail "Fet Pil" {+Blink rF+ Int-4}
 24190 | Lair:5   | Identified the +1 ring mail of the Jabberwock {Dex+5}
 24521 | Lair:6   | Entered Level 6 of the Lair of Beasts
 24839 | Lair:6   | Found a viscous altar of Jiyva.
 24840 | Lair:6   | Found a staircase to the Slime Pits.
 25082 | Lair:6   | Identified the +5 long sword "Worm" {antimagic, Fly Will+}
                  | (Okawaru gifted it to you on level 6 of the Lair of Beasts)
 25082 | Lair:6   | Received a gift from Okawaru
 25084 | Lair:6   | Reached skill level 15 in Shields
 25723 | Lair:6   | Reached skill level 18 in Long Blades
 25912 | Lair:6   | Found a corrupted altar of Lugonu.
 25912 | Lair:6   | Found a one-way gate to the infinite horrors of the Abyss.
 25918 | Lair:6   | Identified the ring of Xiyrosy {rF++ AC+4 Int+2 Dex+4}
 26768 | D:12     | Found a shimmering altar of Xom.
 26770 | D:12     | Found a sparkling altar of Nemelex Xobeh.
 26770 | D:12     | Found a shimmering altar of Xom.
 26772 | D:12     | Found a basalt altar of Yredelemnul.
 26772 | D:12     | Found a sparkling altar of Nemelex Xobeh.
 26772 | D:12     | Found an ancient bone altar of Kikubaaqudgha.
 26996 | D:14     | Received a gift from Okawaru
 27217 | D:14     | Noticed Nessos
 27221 | D:14     | Killed Nessos
 27330 | D:14     | Noticed Snorg
 27336 | D:14     | Killed Snorg
 27588 | D:15     | Entered Level 15 of the Dungeon
 27810 | D:15     | Found a staircase to the Depths.
 27810 | D:15     | Noticed a fire giant
 27825 | D:15     | Killed a fire giant
 27854 | D:15     | Received a gift from Okawaru
 27857 | D:15     | Reached XP level 16. HP: 132/155 MP: 16/16
 28606 | D:10     | Killed Peloso's ghost
 29492 | Shoals:1 | Entered Level 1 of the Shoals
 29766 | Shoals:1 | Identified the +0 animal skin "Ririzirch" {rElec rN+++
                  | Int+4 Dex-3}
 29869 | Shoals:1 | HP: 4/157 [water nymph/the raging water (28)]
 29883 | Shoals:1 | Killed from afar by a water nymph

Illustrated notes

Levels and vault maps discovered:
D:1:      dpeg_arrival_erosion, layout_basic, due_unseen_surprise
D:2:      minmay_diamond_boxcup, layout_loops_cross, basic_altar,
          dreamdust_ecumenical_altar_statues, serial_shops, shop,
          kennysheep_flooded_box, hangedman_decor_lopped
D:3:      layout_loops_ring, gup_sewer_entry_glass
D:4:      kennysheep_spiral_hall, layout_gridville, mainiacjoe_overflow_paths,
          grunt_decor_mini_mirrors, uniq_duvessa
D:5:      layout_rooms, hangedman_feature_mirror, interstate_on_off,
          chequers_serial_rivers_large_b
D:6:      layout_layer_cave, uniq_maggie
D:7:      layout_rooms, minmay_temple_entry_trees
D:8:      minmay_the_grid_octo_tiled_octocenter [minmay_the_grid_octo_chip,
          minmay_the_grid_octo_clover, minmay_the_grid_octo_pinwheel,
          minmay_the_grid_octo_teeth, minmay_the_grid_octo_prize_star,
          minmay_the_grid_square_5x5_seven, minmay_the_grid_square_5x5_shuriken,
          minmay_the_grid_square_5x5_checkered_sparse,
          minmay_the_grid_square_5x5_beaten_path], layout_cave_pools,
          serial_gnoll_camp, gnoll_camp_mini_hut, gnoll_camp_mini_sergeant,
          gnoll_camp_huts_basic, grums_kennel, serial_shops,
          kennysheep_little_box, minivault_12
D:9:      layout_irregular_city, enter_bailey_4
D:10:     layout_stronghold, mainiacjoe_overflow_catwalk, dpeg_lair_monsters,
          gammafunk_ghost_wrathful_warriors, enter_trove_5,
          corexii_corridor_pit, nicolae_lava_and_water,
          minmay_hollow_rounded_squares
D:11:     minmay_box_of_curves, layout_stronghold, david_orc_2
D:12:     minmay_spotlight, layout_basic, doesnt_xom_only_xom, uniq_fannar
D:13:     layout_gridville, ximxim_vaults_locker_room
D:14:     layout_roguey, serial_bayou_pond_e, uniq_snorg, uniq_nessos
D:15:     grunt_enter_depths_giant_problem, layout_irregular_city,
          serial_column_ruins, column_ruins_pillar_1, column_ruins_pillar_1,
          column_ruins_pillar_6, column_ruins_pillar_9, column_ruins_pillar_4,
          column_ruins_pillar_5, column_ruins_pillar_1, column_ruins_pillar_2,
          column_ruins_pillar_7, column_ruins_pillar_7, column_ruins_pillar_9,
          column_ruins_pillar_2, column_ruins_pillar_1, column_ruins_pillar_6,
          column_ruins_pillar_6, kennysheep_crisscross
Temple:   mainiacjoe_temple_big_plus
Lair:1:   layout_layer_cave, serial_bayou_pond_e, nicolae_quartered_pool_impasse
Lair:2:   nzn_winding_woodlands_cross [nzn_winding_woodlands_5x15_parted,
          nzn_winding_woodlands_5x15_garden, nzn_winding_woodlands_5x15_default,
          nzn_winding_woodlands_5x15_split_checker,
          nzn_winding_woodlands_15x15_killbox], layout_layer_cave,
          elwin_shoals_entry_rooms, beast_lair_carwin_7
Lair:3:   layout_loops_ring, gammafunk_ghost_necromancy, serial_rivers,
          chequers_serial_rivers_marsh, chequers_serial_rivers_micro_c,
          chequers_serial_rivers_marsh, chequers_serial_rivers_marsh,
          chequers_serial_rivers_marsh, chequers_serial_rivers_small_a,
          chequers_serial_rivers_small_b, minmay_lindwurm_lava
Lair:4:   layout_regular_city, minmay_snake_entry_guardpost_small,
          wad_woods_road_03
Lair:5:   layout_regular_city, gammafunk_ghost_split, grunt_megastairs_3,
          uniq_rupert
Lair:6:   hellmonk_lair_end_abyssal_woods, layout_regular_city, slime_altar_1,
          grunt_forest_small_clearing_treed
Shoals:1: argonaut_golden_fleece, layout_shoals,
          nicolae_shoals_nymph_descending_staircase
Orc:1:    layout_diamond_mine, basic_altar, portal_ice_cave_entry_pillars_2,
          uniq_erica
Orc:2:    st_orc_elflike, layout_caves, basic_altar, mines2_david

Skill      XL: |  1  2  3  4  5  6  7  8  9 10 11 12 13 14 15 16 |
---------------+-------------------------------------------------+-----
Fighting       | 4 5 6 8 9 11 12 14 16 17 | 17.8
Armour         | 4 6 8 9 10 11 13 14 15 16 | 16.1
Shields        | 4 5 6 7 8 10 12 14 16 17 | 17.1
Long Blades    | 3 5 7 9 11 13 14 15 16 17 18 | 18.8
Dodging        | 1 2 3 4 5 6 7 |  7.9
Invocations    | 1 2 |  2.7
Stealth        | 1 2 |  2.4
Evocations     | |  0.8

Action                   |  1- 3 |  4- 6 |  7- 9 | 10-12 | 13-15 | 16-18 || total
-------------------------+-------+-------+-------+-------+-------+-------++-------
Melee: Long sword        |    88 |   141 |   245 |    71 |       |    57 ||   602
       Headbutt          |    11 |    18 |    54 |    99 |   213 |    51 ||   446
       Scimitar          |       |       |       |   128 |   108 |       ||   236
       Demon blade       |       |       |       |   209 |   880 |    94 ||  1183
Invok: Heroism           |       |       |       |    12 |     5 |     2 ||    19
Evoke: Wand              |       |       |       |     2 |     1 |     1 ||     4
  Use: Scroll            |       |     2 |     5 |    10 |    13 |     3 ||    33
       Potion            |       |       |       |     2 |     1 |       ||     3
 Stab: Distracted        |       |     1 |       |     1 |       |       ||     2
Armor: Scale mail        |    40 |       |       |       |       |       ||    40
       Chain mail        |     4 |   101 |   150 |   214 |   424 |    30 ||   923
Dodge: Dodged            |    55 |    53 |   128 |   124 |   374 |    35 ||   769
Block: Buckler           |    21 |    43 |    79 |   136 |   262 |       ||   541
       Reflection        |       |       |       |     1 |    35 |     8 ||    44
       Kite shield       |       |       |       |       |   601 |   147 ||   748
